[Event "*** SCC Grand Prix: Titled Tuesday Blitz"]
[Site "Chess.com"]
[Date "2020.09.08"]
[Round "1"]
[White "mitrabhaa"]
[Black "Kaua18"]
[Result "1/2-1/2"]
[WhiteElo "2617"]
[BlackElo "2314"]
[TimeControl "180+1"]
[EndTime "10:09:37 PDT"]
[Termination "Game drawn by repetition"]

1. Nf3 c5 2. g3 Nc6 3. Bg2 g6 4.
O-O Bg7 5. c3 e5 6. d4 cxd4 7.
cxd4 Nxd4 8. Nxd4 exd4 9. Nd2 Ne7 10. Nf3 Nc6 11. Rb1 O-O 12. b3 Re8 13. Bb2 Qb6 14.
Qd2 d6 15. Rbd1 Bg4 16. h3 Bxf3 17. Bxf3 Ne5 18. Bxd4 Nxf3+ 19. exf3 Bxd4 20. Qxd4 Qxd4 21.
Rxd4 Re2 22. a4 Rb2 23. Rd3 Rc8 24. f4 Rcc2 25. Rf3 Rd2 26. Rc1 Rdc2 27. Rxc2 Rxc2 28. Rd3 Rb2 29. Kg2 Kf8 30. Kf3 Ke7 31. g4 Ke6 32. h4 f5 33. g5 Rb1 34. Re3+ Kd7 35. Ke2 Rh1 36. Kd3 Rxh4 37. Rf3 Rh1 38. Kd4 h5 39. gxh6 Rxh6 40. Rg3 Rh4 41. Ke3 Rg4 42. Rh3 Rg1 43. Rh7+ Kc6 44. b4 Ra1 45. b5+ Kd5 46. Rxb7 Rxa4 47. Rg7 Ra3+ 48. Ke2 Rb3 49. Rxa7 Rxb5 50. Rg7 Rb2+ 51. Kf3 Rb3+ 52. Kg2 Ke4 53. Rxg6 Rd3 54. Re6+ Kxf4 55. Re8 Rd1 56. Rh8 d5 57. Rh4+ Ke5 58. Kf3 Re1 59. Rh8 Re4 60. Rd8 d4 61. Kg3 Rg4+ 62.
Kf3 Rg6 63. Ke2 Re6 64. Rh8 Ke4 65. Rh4+ f4 66. Rh5 d3+ 67. Kd2 Rd6 68. Rh3 Rd5 69.
Kd1 Kd4 70. Kd2 Kc4 71. Rf3 Rd4 72. Rh3 Rd8 73. Rh4 Rf8 74. Rh6 Kd4 75. Rd6+ Ke4 76. Rxd3 Ra8 77. f3+ Ke5 78. Rb3 Ra2+ 79. Kd3 Rf2 80.
Rb5+ Kf6 81. Ke4 Ra2 82. Kxf4 Ra4+ 83. Kg3 Rc4 84. Rb1 Kf5 85. Rb5+ Kf6 86. Kf2 Kg6 87. Ke3 Rc6 88. Re5 Kf6 89. Re4 Rc3+ 90. Kf4 Rc6 91. Kg4 Kg6 92. f4 Kf6 93. Ra4 Rd6 94. Ra5 Kg6 95.
Rg5+ Kf6 96. Rh5 Kg6 97. f5+ Kg7 98. Kg5 Rd1 99. f6+ Kg8 100. Kf5 Rg1 101. Rh4 Rf1+ 102. Ke6 Re1+ 103. Kd5 Rd1+ 104. Ke5 Re1+ 105. Kf5 Rf1+ 106. Rf4 Rxf4+ 107.
Kxf4 Kf7 108. Kf5 Kf8 109. Kg6 Kg8 110. Kg5 Kf7 111. Kf5 Kf8 112. Ke6 Ke8 113. Kd6 Kf7 114. Ke5 Kf8 115. Kd5 Kf7 116. Ke5 Kf8 117. Kf5 Kf7 118. Kg5 Kf8 119. Kg6 Kg8 120. Kf5 Kf7 121. Kg5 Kf8 122. Kg6 1/2-1/2

[Event "*** SCC Grand Prix: Titled Tuesday Blitz"]
[Site "Chess.com"]
[Date "2020.09.08"]
[Round "1"]
[White "CalinGheorghiu"]
[Black "Arjun2002"]
[Result "0-1"]
[WhiteElo "2366"]
[BlackElo "2714"]
[TimeControl "180+1"]
[EndTime "10:10:02 PDT"]
[Termination "Arjun2002 won by resignation"]

1. e4 c5 2. Nf3 Nc6 3. d4 cxd4 4. Nxd4 Nf6 5. Nc3 d6 6. f3 e5 7. Nb3 Be7 8. Be3 O-O 9. Qd2 a5 10. Bb5 Be6 11. O-O Na7 12. Bd3 Nc8 13. a4 Nb6 14. Nb5 Nc4 15. Bxc4 Bxc4 16. Rfd1 d5 17. exd5 Nxd5 18.
Bf2 Nb4 19. Qc3 Qc8 20. Nd6 Bxd6 21. Rxd6 Bxb3 22. cxb3 Qf5 23. Rad1 Rac8 24. Qe3 h6 25. Qb6 Qc2 26. Qxa5 Qxb3 27. Qxe5 Qxa4 28. Bd4 f6 29.
Qe6+ Kh8 30. Bc3 Nc6 31. Rd7 Rce8 32. Qf5 Qb3 33. Qg6 Re7 34. h4 Qe6 35. Rxe7 Nxe7 36. Qg3 Nd5 37. Re1 Qb6+ 38. Kh2 Rc8 39. Qg6 Qc7+ 40. g3 Nxc3 41. bxc3 Qc6 42. Re7 Rg8 43. Qe4 Qxc3 44. Rxb7 Qd2+ 45. Kh3 Qc1 46. Kg4 Qc8+ 47. Kf4 Re8 48. Qd5 Qc1+ 49. Kg4 Qe3 50. Qf7 Rg8 51. Re7 Qd4+ 52. Re4 Qd1 53. Re8 Qd4+ 54. Re4 Qd8 55. Re7 Qc8+ 56. Rd7 Qc5 57. Kh3 Qc3 58. Kg2 Qb2+ 59.
Kh3 Qc1 60. Kg2 Qe1 61. Kh3 Qf2 62. Re7 Qxf3 63. Re8 Qf1+ 64. Kh2 Qf2+ 65. Kh3 Qf1+ 66. Kh2 Qf2+ 67. Kh3 Qf5+ 68. Kh2 Qc2+ 69. Kh3 Qf5+ 70. Kh2 Qc2+ 71. Kh3 Qh7 72. Rxg8+ Qxg8 73. Qg6 Qe6+ 74.
Kh2 Kg8 75. h5 Kf8 76. Qh7 Qe2+ 77. Kg1 Qxh5 78. Qh8+ Kf7 79. Qd8 Qe5 80. Qd7+ Kg8 81. Qc8+ Kh7 82. Qc2+ f5 83. Kh2 Qe4 84. Qc8 h5 85. Qf8 h4 86. gxh4 Qxh4+ 87. Kg2 Qg4+ 88. Kh2 Qg5 89. Kh3 Qf6 90. Qe8 Kh6 91. Kg2 Kg5 92.
Qe3+ f4 93. Qc5+ Qf5 94. Qe7+ Kh6 95. Qe8 Qg6+ 96. Qxg6+ Kxg6 0-1

[Event "*** SCC Grand Prix: Titled Tuesday Blitz"]
[Site "Chess.com"]
[Date "2020.09.08"]
[Round "1"]
[White "Mazetovic"]
[Black "eCztery"]
[Result "1/2-1/2"]
[WhiteElo "2627"]
[BlackElo "2317"]
[TimeControl "180+1"]
[EndTime "10:10:29 PDT"]
[Termination "Game drawn by 50-move rule"]

1. e4 c5 2. Nf3 g6 3. c3 d5 4. exd5 Qxd5 5. Na3 Bg7 6. d4 cxd4 7. Nb5 Qd8 8. Bf4 Na6 9. Nbxd4 Nf6 10. Bb5+ Bd7 11. O-O O-O 12. Bxd7 Qxd7 13. Ne5 Qc8 14. Re1 Nc5 15. Qf3 Kh8 16. Rad1 a5 17. Nb5 Ra6 18. c4 Ne6 19. Bg3 Ng5 20. Qd3 Re6 21. f4 Nge4 22. Bh4 Qc5+ 23. Qd4 Qb4 24. Rxe4 Nxe4 25. Qxe4 Bxe5 26.
fxe5 Qxb2 27. Bg3 Kg8 28. h4 h5 29. Nc7 Rc6 30. Nd5 Re8 31. Bf4 Qxa2 32. Bg5 Qxc4 33.
Qxc4 Rxc4 34. Nxe7+ Kf8 35. Nd5 a4 36. Bh6+ Kg8 37.
Nf6+ Kh8 38. Nxe8 Rc8 39. Nf6 Ra8 40. Be3 a3 41. Bd4 a2 42. Ba1 Kg7 43. Rd2 g5 44. hxg5 Kg6 45. Ne4 Kf5 46. Nc3 Kxe5 47. Rxa2 Rc8 48.
Re2+ Kf5 49. Bb2 Kxg5 50. Ne4+ Kg6 51. Kh2 f5 52. Nd6 Rc6 53. Re6+ Kh7 54. Re7+ Kg6 55.
Nxb7 f4 56. Nd8 Rc2 57. Rg7+ Kf5 58. Ba1 Ke4 59. Re7+ Kf5 60. Rf7+ Ke4 61. Ne6 Rf2 62.
Ng5+ Kd5 63. Nf3 Ke6 64. Rxf4 h4 65. Rf6+ Kd5 66. Rh6 Ke4 67. Rxh4+ Kd3 68. Be5 Ke2 69. Rd4 Kf1 70. Rd2 Rxg2+ 71. Kh3 Rxd2 72. Nxd2+ Ke2 73. Ne4 Kd3 74. Ng5 Kc4 75. Kg4 Kd5 76. Kf5 Kc4 77. Ke4 Kb3 78. Kd3 Kb4 79. Ne4 Kb5 80. Kd4 Kc6 81. Kc4 Kd7 82. Kd5 Kc8 83. Kc6 Kd8 84. Bf6+ Kc8 85. Bd4 Kb8 86. Nd6 Ka8 87.
Nb5 Kb8 88. Nc7 Kc8 89. Ba7 Kd8 90. Nd5 Kc8 91. Ne7+ Kd8 92. Kd6 Ke8 93. Ke6 Kd8 94. Bb6+ Ke8 95. Nd5 Kf8 96. Nf6 Kg7 97. Kf5 Kf7 98.
Bc5 Kg7 99. Ba3 Kf7 100. Bc5 Kg7 101. Ng4 Kf7 102. Ne5+ Ke8 103. Bb6 Ke7 104. Bc7 Ke8 105. Ke6 Kf8 106. Nf7 Ke8 107. Bb6 Kf8 108. Kf6 Ke8 109. Ne5 Kf8 110. Bc7 Ke8 111. Ba5 Kf8 112. Nf7 Ke8 113. Ke6 Kf8 114. Bc3 Ke8 115. Bf6 Kf8 116. Nd6 Kg8 117. Kf5 Kf8 118. Kg6 Kg8 119. Be7 Kh8 120. Nf7+ Kg8 121. Ng5 Kh8 122. Bd6 1/2-1/2

[Event "*** SCC Grand Prix: Titled Tuesday Blitz"]
[Site "Chess.com"]
[Date "2020.09.08"]
[Round "2"]
[White "2nd_life"]
[Black "AJSC02"]
[Result "1-0"]
[WhiteElo "2531"]
[BlackElo "2298"]
[TimeControl "180+1"]
[EndTime "10:12:23 PDT"]
[Termination "2nd_life won by checkmate"]

1. e4 c5 2. Nf3 Nc6 3. Bb5 Nf6 4. Nc3 Qc7 5. O-O Nd4 6. Re1 Nxb5 7. Nxb5 Qc6 8. c4 Nxe4 9. Ne5 Nxf2 10. Nxc6 Nxd1 11. Nc7# 1-0

[Event "*** SCC Grand Prix: Titled Tuesday Blitz"]
[Site "Chess.com"]
[Date "2020.09.08"]
[Round "2"]
[White "shrek4life02"]
[Black "Zemerovv"]
[Result "1-0"]
[WhiteElo "2526"]
[BlackElo "2288"]
[TimeControl "180+1"]
[EndTime "10:12:49 PDT"]
[Termination "shrek4life02 won by resignation"]

1. d4 g6 2. Nc3 Bg7 3. Bf4 d6 4. Qd2 Nd7 5. Nf3 e6 6. O-O-O h6 7. Kb1 Ne7 8. h4 a6 9. g4 b5 10. h5 g5 11. Nxg5 hxg5 12. Bxg5 f6 13. Bf4 e5 14. dxe5 Nxe5 15. Bg2 Rb8 16. Ne4 Bb7 17. h6 Bf8 18.
Nxf6+ Kf7 19. Bxb7 Kxf6 20. Bd5 Nxd5 21. Bg5+ 1-0

[Event "*** SCC Grand Prix: Titled Tuesday Blitz"]
[Site "Chess.com"]
[Date "2020.09.08"]
[Round "2"]
[White "SergeyKarjakin"]
[Black "elegant285"]
[Result "1-0"]
[WhiteElo "2960"]
[BlackElo "2345"]
[TimeControl "180+1"]
[EndTime "10:13:19 PDT"]
[Termination "SergeyKarjakin won by resignation"]

1. e4 c6 2. d3 d5 3. Nd2 e5 4.
Ngf3 Bd6 5. d4 Nd7 6. exd5 cxd5 7.
dxe5 Nxe5 8. Nxe5 Bxe5 9. Nf3 Bc7 10. Bb5+ Bd7 11. Qxd5 Ba5+ 12. c3 Nf6 13. Bxd7+ Nxd7 14. Bg5 Qc7 15. O-O-O h6 16. Rhe1+ Kf8 17. Be7+ 1-0

[Event "*** SCC Grand Prix: Titled Tuesday Blitz"]
[Site "Chess.com"]
[Date "2020.09.08"]
[Round "2"]
[White "Kotofeyca"]
[Black "gagtemp"]
[Result "1-0"]
[WhiteElo "2363"]
[BlackElo "1968"]
[TimeControl "180+1"]
[EndTime "10:13:27 PDT"]
[Termination "Kotofeyca won by resignation"]

1. d4 d5 2. c4 e6 3. Nc3 c5 4. cxd5 exd5 5. Nf3 Nc6 6. g3 Nf6 7. Bg2 Be7 8. O-O O-O 9. dxc5 Bxc5 10. Bg5 d4 11. Bxf6 Qxf6 12. Nd5 Qd8 13. Nd2 Re8 14. Rc1 Bf8 15. Ne4 Bg4 16. Re1 Qd7 17. Nef6+ 1-0

[Event "*** SCC Grand Prix: Titled Tuesday Blitz"]
[Site "Chess.com"]
[Date "2020.09.08"]
[Round "2"]
[White "ChessWarrior3"]
[Black "Fischerev7"]
[Result "0-1"]
[WhiteElo "2158"]
[BlackElo "2408"]
[TimeControl "180+1"]
[EndTime "10:13:50 PDT"]
[Termination "Fischerev7 won by resignation"]

1. e4 c5 2. Nf3 d6 3. d4 cxd4 4. Nxd4 Nf6 5. Nc3 a6 6. f3 e5 7. Nb3 Be6 8. Be3 Be7 9. Qd2 O-O 10. O-O-O Nbd7 11. g4 b5 12. h4 b4 13. Ne2 a5 14.
h5 Nb6 15. g5 Nfd7 16. Ng3 a4 17. Na1 b3 18. a3 bxc2 19. Nxc2 Rc8 20. g6 Qc7 21. h6 fxg6 22. hxg7 Rxf3 23. Ba6 Rxg3 24. Bxb6 Nxb6 25. Bxc8 Qxc8 26. Qh6 Bg5+ 0-1

[Event "*** SCC Grand Prix: Titled Tuesday Blitz"]
[Site "Chess.com"]
[Date "2020.09.08"]
[Round "2"]
[White "chito89"]
[Black "KarstenHansch"]
[Result "1-0"]
[WhiteElo "2721"]
[BlackElo "2486"]
[TimeControl "180+1"]
[EndTime "10:13:56 PDT"]
[Termination "chito89 won by resignation"]

1. d4 d5 2. c4 e6 3. Nc3 Nf6 4.
cxd5 exd5 5. Bg5 c6 6. Qc2 Be7 7. e3 Nbd7 8. Bd3 h6 9. Bh4 Nh5 10. Bxe7 Qxe7 11. Nf3 Nb6 12. O-O-O Bg4 13. e4 dxe4 14.
Bxe4 O-O 15. Rhe1 Bxf3 16. Bh7+ Kh8 17. Rxe7 Bxd1 18. Qxd1 Nf4 19. Bc2 1-0

[Event "*** SCC Grand Prix: Titled Tuesday Blitz"]
[Site "Chess.com"]
[Date "2020.09.08"]
[Round "2"]
[White "MNyuyu"]
[Black "Jumbo"]
[Result "0-1"]
[WhiteElo "2339"]
[BlackElo "2760"]
[TimeControl "180+1"]
[EndTime "10:14:03 PDT"]
[Termination "Jumbo won by resignation"]

1. d4 g6 2. Nf3 Bg7 3. Bf4 d6 4. e3 Nd7 5. Be2 e5 6. Bg3 Ne7 7. O-O Nf5 8. c3 O-O 9. Nbd2 h5 10.
dxe5 dxe5 11. e4 Nxg3 12. hxg3 Qe7 13. Qc2 Nf6 14. Nc4 Ng4 15. a4 Be6 16. Rad1 Bf6 17.
Na5 c6 18. Bc4 Bc8 19. Nb3 Kg7 20. Nbd2 Rh8 21. Rfe1 h4 22. gxh4 Bxh4 23. g3 Bxg3 24. fxg3 Qc5+ 25. Nd4 exd4 26. Nf3 d3+ 0-1

[Event "*** SCC Grand Prix: Titled Tuesday Blitz"]
[Site "Chess.com"]
[Date "2020.09.08"]
[Round "2"]
[White "pitopisback"]
[Black "ChronicUnhappiness"]
[Result "0-1"]
[WhiteElo "2208"]
[BlackElo "2432"]
[TimeControl "180+1"]
[EndTime "10:14:06 PDT"]
[Termination "ChronicUnhappiness won by resignation"]

1. d4 d5 2. c4 e6 3. Nc3 Bb4 4.
Nf3 Nf6 5. e3 O-O 6. Bd3 c5 7.
O-O Nc6 8. a3 Bxc3 9. bxc3 dxc4 10. Bxc4 Qc7 11. a4 e5 12. Ba3 b6 13. dxc5 bxc5 14.
Bxc5 Rd8 15. Qe2 Na5 16. Rfd1 Bg4 17. Bd5 0-1

[Event "*** SCC Grand Prix: Titled Tuesday Blitz"]
[Site "Chess.com"]
[Date "2020.09.08"]
[Round "2"]
[White "Alexsur1981"]
[Black "Bacyanide"]
[Result "1-0"]
[WhiteElo "2677"]
[BlackElo "2404"]
[TimeControl "180+1"]
[EndTime "10:14:16 PDT"]
[Termination "Alexsur1981 won by resignation"]

1. e4 e5 2. f4 exf4 3. Bc4 Ne7 4. Nc3 Ng6 5. Nf3 Be7 6. O-O O-O 7. d4 c6 8. Bb3 Na6 9. Ne2 d5 10. exd5 cxd5 11. Nxf4 Nxf4 12. Bxf4 Bd6 13. Qd2 Nc7 14.
Rae1 Be6 15. c3 Qd7 16. Ne5 Bxe5 17. Bxe5 Rae8 18. Qg5 f6 19. Rxf6 Rxf6 20. Bxf6 Rf8 21.
Be5 Rf5 22. Qg3 Rf7 23. Bxc7 Qxc7 24. Qxc7 Rxc7 25. Rxe6 1-0

[Event "*** SCC Grand Prix: Titled Tuesday Blitz"]
[Site "Chess.com"]
[Date "2020.09.08"]
[Round "2"]
[White "Oglob71"]
[Black "sergiochess83"]
[Result "0-1"]
[WhiteElo "2534"]
[BlackElo "2832"]
[TimeControl "180+1"]
[EndTime "10:14:22 PDT"]
[Termination "sergiochess83 won by resignation"]

1. d4 Nf6 2. Nf3 d5 3. c4 e6 4. Qd2 dxc4 5. g3 b5 6. Bg2 Bb7 7. O-O a6 8. Nc3 Nbd7 9. b3 b4 10. Na4 c3 11. Qd1 Bd6 12. a3 a5 13. Bf4 O-O 14. e3 Qe7 15. Ne5 Bxg2 16. Kxg2 Bxe5 17. dxe5 Nd5 18. e4 Nxf4+ 19. gxf4 Nc5 20. Qc2 Nxa4 21. bxa4 c5 22. Rad1 Rad8 23. Qb3 Qh4 24. Qc4 Rxd1 25. Rxd1 Qg4+ 0-1

[Event "*** SCC Grand Prix: Titled Tuesday Blitz"]
[Site "Chess.com"]
[Date "2020.09.08"]
[Round "2"]
[White "JoliyRoger"]
[Black "ValeriyGrinev"]
[Result "0-1"]
[WhiteElo "2382"]
[BlackElo "2675"]
[TimeControl "180+1"]
[EndTime "10:14:25 PDT"]
[Termination "ValeriyGrinev won by resignation"]

1. Nf3 c5 2. c4 Nc6 3. Nc3 e5 4. e3 Nf6 5. d4 e4 6. Ne5 h5 7.
Be2 Qc7 8. Nxc6 dxc6 9. d5 Bd6 10. h3 h4 11. b3 Be5 12. Bb2 Bf5 13. Qc2 O-O-O 14.
O-O-O cxd5 15. Nxd5 Nxd5 16. Rxd5 Rxd5 17. cxd5 Rd8 18.
Rd1 Kb8 19. Bg4 Bxg4 20. hxg4 Qe7 21. Kb1 Bxb2 22. Qxb2 Qg5 23. d6 Qxg4 24. Qe5 Qxd1+ 0-1

[Event "*** SCC Grand Prix: Titled Tuesday Blitz"]
[Site "Chess.com"]
[Date "2020.09.08"]
[Round "2"]
[White "Sychev_Klementy"]
[Black "GianmarcoVaR"]
[Result "1-0"]
[WhiteElo "2873"]
[BlackElo "2555"]
[TimeControl "180+1"]
[EndTime "10:14:27 PDT"]
[Termination "Sychev_Klementy won by resignation"]

1. e4 c6 2. d4 d5 3. e5 Bf5 4. Nf3 e6 5. Be2 Ne7 6. O-O Nd7 7. Nh4 Be4 8. Nd2 c5 9. c3 Nc6 10. Nxe4 dxe4 11. d5 Ncxe5 12. dxe6 Qxh4 13. exd7+ Nxd7 14. Qd5 O-O-O 15. g3 Qf6 16. Qxe4 Qe5 17. Qf3 Bd6 18. Bf4 Qf6 19. Ba6 bxa6 20. Qc6+ 1-0

[Event "*** SCC Grand Prix: Titled Tuesday Blitz"]
[Site "Chess.com"]
[Date "2020.09.08"]
[Round "2"]
[White "DarZay"]
[Black "Hard_Utilizator"]
[Result "0-1"]
[WhiteElo "2074"]
[BlackElo "2392"]
[TimeControl "180+1"]
[EndTime "10:14:27 PDT"]
[Termination "Hard_Utilizator won by resignation"]

1. e4 c5 2. Nf3 e6 3. d4 cxd4 4. Nxd4 a6 5. Nc3 Qc7 6. Be3 Bb4 7. Qd2 Nf6 8. Bd3 d5 9. f3 e5 10. O-O exd4 11. Bxd4 Bc5 12. Qe3 Bxd4 13. Qxd4 Nc6 14.
Qf2 dxe4 15. Nxe4 Nxe4 16. fxe4 O-O 17. Bc4 Be6 18. Bxe6 fxe6 19. Qh4 Qb6+ 20. Kh1 Qxb2 21. Qg4 Rf6 22. Rab1 Raf8 23. Kg1 Rxf1+ 24. Rxf1 Qd4+ 0-1

[Event "*** SCC Grand Prix: Titled Tuesday Blitz"]
[Site "Chess.com"]
[Date "2020.09.08"]
[Round "2"]
[White "MikeKorovin"]
[Black "LyonBeast"]
[Result "0-1"]
[WhiteElo "2601"]
[BlackElo "3023"]
[TimeControl "180+1"]
[EndTime "10:14:28 PDT"]
[Termination "LyonBeast won by resignation"]

1. Nf3 d5 2. b3 Bg4 3. Bb2 e6 4. g3 Nf6 5. Bg2 Be7 6. O-O O-O 7. d3 Nbd7 8. Nbd2 c6 9. e4 dxe4 10. dxe4 Nc5 11. Qe2 Qa5 12. a3 Qa6 13. Qxa6 Nxa6 14. e5 Nd7 15. b4 Nb6 16. Rad1 Rad8 17. Ne4 Nc4 18. Bc1 Rxd1 19. Rxd1 Nxe5 0-1

[Event "*** SCC Grand Prix: Titled Tuesday Blitz"]
[Site "Chess.com"]
[Date "2020.09.08"]
[Round "2"]
[White "Panterov"]
[Black "NeverW84M8"]
[Result "0-1"]
[WhiteElo "2245"]
[BlackElo "2461"]
[TimeControl "180+1"]
[EndTime "10:14:38 PDT"]
[Termination "NeverW84M8 won by resignation"]

1. e4 e5 2. Nf3 Nc6 3. d4 exd4 4. Nxd4 Bb4+ 5. c3 Bc5 6. Be3 Bb6 7. Bd3 Nf6 8. O-O O-O 9. Nxc6 bxc6 10. Bg5 d6 11. Qf3 h6 12. Bxf6 Qxf6 13. Qxf6 gxf6 14. Kh1 a5 15. f3 a4 16. Nd2 d5 17. Rae1 Be6 18.
c4 Bd4 19. b3 Bc3 20. Rd1 axb3 21. axb3 Ra2 22. Nb1 Bb4 23. exd5 cxd5 24. cxd5 Bxd5 25. Bh7+ Kxh7 26. Rxd5 Re8 27. Rd4 c5 28. Re4 Rxe4 29.
fxe4 Rb2 30. g4 Kg6 31. Rd1 Rxb3 32. Kg2 Rb2+ 33. Kf3 Rxh2 0-1

[Event "*** SCC Grand Prix: Titled Tuesday Blitz"]
[Site "Chess.com"]
[Date "2020.09.08"]
[Round "2"]
[White "WinstonSilvakov"]
[Black "dachessmandan"]
[Result "0-1"]
[WhiteElo "2139"]
[BlackElo "2402"]
[TimeControl "180+1"]
[EndTime "10:14:39 PDT"]
[Termination "dachessmandan won by resignation"]

1. d4 Nf6 2. e3 e6 3. Bd3 c5 4. c3 Nc6 5. f4 Be7 6. Nd2 b6 7. Ngf3 d6 8. O-O Bb7 9. Qe2 O-O 10. e4 Qc7 11. e5 Nd5 12. Ne4 cxd4 13. Nfg5 h6 14.
Nf6+ Bxf6 15. Nh7 Be7 16. Nxf8 Bxf8 17. Rf3 dxe5 0-1

[Event "*** SCC Grand Prix: Titled Tuesday Blitz"]
[Site "Chess.com"]
[Date "2020.09.08"]
[Round "2"]
[White "Korchmar_Vasiliy"]
[Black "Quiet_Desperation"]
[Result "1-0"]
[WhiteElo "2607"]
[BlackElo "1993"]
[TimeControl "180+1"]
[EndTime "10:14:48 PDT"]
[Termination "Korchmar_Vasiliy won by resignation"]

1. d4 d5 2. Nf3 c6 3. Bf4 Bf5 4. e3 e6 5. Nbd2 Nf6 6. c4 Be7 7.
Qb3 Qb6 8. c5 Qxb3 9. axb3 Nbd7 10. b4 O-O 11. b5 Nh5 12. Bc7 Rfc8 13. Ba5 b6 14. bxc6 Rxc6 15. Bb5 Rc7 16. Bxb6 Nxb6 17.
cxb6 Rc2 18. Rxa7 1-0

[Event "*** SCC Grand Prix: Titled Tuesday Blitz"]
[Site "Chess.com"]
[Date "2020.09.08"]
[Round "2"]
[White "iLuusions"]
[Black "AnishOnYoutube"]
[Result "0-1"]
[WhiteElo "2579"]
[BlackElo "2952"]
[TimeControl "180+1"]
[EndTime "10:14:50 PDT"]
[Termination "AnishOnYoutube won by resignation"]

1. Nf3 d5 2. e3 Nf6 3. c4 c6 4. Nc3 e6 5. b3 Bd6 6. Bb2 O-O 7. d4 Nbd7 8. Bd3 Re8 9. Qc2 Qe7 10. O-O e5 11.
cxd5 e4 12. Nxe4 Nxe4 13. dxc6 Nb6 14. Rac1 bxc6 15. a4 Bd7 16. a5 Nd5 17. Ne5 Nb4 18. Qb1 Nd2 19. Bxh7+ Kh8 20. Nxf7+ Qxf7 0-1

[Event "*** SCC Grand Prix: Titled Tuesday Blitz"]
[Site "Chess.com"]
[Date "2020.09.08"]
[Round "2"]
[White "Andrii_Prydun"]
[Black "CzechmVIII"]
[Result "1-0"]
[WhiteElo "2410"]
[BlackElo "2168"]
[TimeControl "180+1"]
[EndTime "10:14:51 PDT"]
[Termination "Andrii_Prydun won by resignation"]

1. d4 Nf6 2. Nc3 d5 3. Bf4 c6 4. f3 Nbd7 5. e4 dxe4 6. fxe4 e5 7. dxe5 Ng8 8. Bc4 Qa5 9. Bxf7+ Kxf7 10. Qh5+ Ke7 11.
Bg5+ Ngf6 12. Bxf6+ 1-0

[Event "*** SCC Grand Prix: Titled Tuesday Blitz"]
[Site "Chess.com"]
[Date "2020.09.08"]
[Round "2"]
[White "RusPakhom"]
[Black "IvanSoriano1"]
[Result "1-0"]
[WhiteElo "2285"]
[BlackElo "2456"]
[TimeControl "180+1"]
[EndTime "10:14:55 PDT"]
[Termination "RusPakhom won by resignation"]

1. e4 c5 2. Nf3 d6 3. c3 Nf6 4. Bc4 g6 5. O-O Bg7 6. Re1 O-O 7. h3 Nc6 8. d4 cxd4 9. cxd4 d5 10. exd5 Nxd5 11. Nc3 Nb6 12. Bb3 Nxd4 13. Nxd4 Bxd4 14. Bg5 Re8 15. Qf3 Bf6 16. Bxf6 exf6 17. Rxe8+ Qxe8 18. Qxf6 Bf5 19. Nb5 Nd7 20. Qd4 Qe5 21. Qxe5 Nxe5 22.
Re1 Re8 23. Kh1 Bd7 24. Nd6 Re7 25. Nxf7 Rxf7 26. Rxe5 1-0

[Event "*** SCC Grand Prix: Titled Tuesday Blitz"]
[Site "Chess.com"]
[Date "2020.09.08"]
[Round "2"]
[White "Artyom_ChessMate"]
[Black "TigrVShlyape"]
[Result "1/2-1/2"]
[WhiteElo "2537"]
[BlackElo "2812"]
[TimeControl "180+1"]
[EndTime "10:14:58 PDT"]
[Termination "Game drawn by agreement"]

1. e4 e5 2. Nf3 Nc6 3. Bb5 a6 4. Bxc6 dxc6 5. O-O Qd6 6. Na3 b5 7. c3 c5 8. Nc2 Bb7 9. Re1 Ne7 10. a4 c4 11.
axb5 axb5 12. Rxa8+ Bxa8 13. b3 cxb3 14. Na3 c6 15. Qxb3 Ng6 16. d4 Be7 17. Nc2 O-O 18.
Ne3 1/2-1/2

[Event "*** SCC Grand Prix: Titled Tuesday Blitz"]
[Site "Chess.com"]
[Date "2020.09.08"]
[Round "2"]
[White "chessmadara"]
[Black "PavelChernomordik"]
[Result "0-1"]
[WhiteElo "1839"]
[BlackElo "2352"]
[TimeControl "180+1"]
[EndTime "10:15:00 PDT"]
[Termination "PavelChernomordik won by checkmate"]

1. e4 g6 2. d4 Bg7 3. Nc3 d6 4. Be3 a6 5. Qd2 b5 6. a3 Bb7 7.
f3 Nd7 8. O-O-O Rc8 9. Kb1 c5 10. Nge2 Qc7 11. g4 Nb6 12. Nc1 b4 13. axb4 cxb4 14. N3a2 a5 15. Bb5+ Bc6 16. Bxc6+ Qxc6 17. b3 Nf6 18. h4 h5 19. Rhg1 hxg4 20. e5 Nfd5 21.
fxg4 Nxe3 22. Qxe3 Qxc2+ 23. Ka1 Nd5 24. Qf3 Nc3 25. Rde1 Qb1# 0-1

[Event "*** SCC Grand Prix: Titled Tuesday Blitz"]
[Site "Chess.com"]
[Date "2020.09.08"]
[Round "2"]
[White "slavenok"]
[Black "BurningggIce"]
[Result "1-0"]
[WhiteElo "2736"]
[BlackElo "2334"]
[TimeControl "180+1"]
[EndTime "10:15:04 PDT"]
[Termination "slavenok won by resignation"]

1. e4 e5 2. d4 exd4 3. Nf3 Nc6 4. Bc4 Nf6 5. Qe2 d6 6. h3 Be7 7. O-O O-O 8. Rd1 Ne5 9. Rxd4 Nxc4 10. Rxc4 Be6 11. Rd4 Nd7 12. Nc3 Bf6 13. Rd1 Re8 14.
Bf4 b6 15. Rab1 Qc8 16. Nd5 Bxd5 17. Rxd5 Qb7 18. c4 Nc5 19. e5 dxe5 20. Bxe5 c6 21. Rdd1 Bxe5 22. Nxe5 f6 23. f4 fxe5 24. fxe5 Ne6 25.
Rd6 c5 26. Qg4 Nd4 27. Rd7 Qxd7 28. Qxd7 Rxe5 29. Rf1 a6 30. Qf7+ 1-0

[Event "*** SCC Grand Prix: Titled Tuesday Blitz"]
[Site "Chess.com"]
[Date "2020.09.08"]
[Round "2"]
[White "DrVelja"]
[Black "LawrenceTrent"]
[Result "1-0"]
[WhiteElo "2821"]
[BlackElo "2529"]
[TimeControl "180+1"]
[EndTime "10:15:07 PDT"]
[Termination "DrVelja won by resignation"]

1. e4 c5 2. Nc3 Nc6 3. f4 e6 4. Nf3 d5 5. Bb5 Ne7 6. O-O a6 7. Bxc6+ Nxc6 8. d3 Be7 9. Qe1 O-O 10. Qg3 b5 11. f5 b4 12. Ne2 dxe4 13. dxe4 exf5 14. Bh6 g6 15. Rad1 Qb6 16. Bxf8 Bxf8 17. e5 Bg7 18.
Nf4 c4+ 19. Kh1 Qa5 20. Nd5 Be6 21. Nf6+ Kh8 22. Rd6 Nxe5 23. Nxe5 Bxf6 24. Nxf7+ Kg7 25.
Rxe6 Kxf7 26. Qd6 Qd8 27. Rxf6+ 1-0

[Event "*** SCC Grand Prix: Titled Tuesday Blitz"]
[Site "Chess.com"]
[Date "2020.09.08"]
[Round "2"]
[White "Kaua18"]
[Black "Th3_Hound"]
[Result "1-0"]
[WhiteElo "2328"]
[BlackElo "2600"]
[TimeControl "180+1"]
[EndTime "10:15:07 PDT"]
[Termination "Kaua18 won by resignation"]

1. e4 e5 2. Nf3 Nc6 3. d4 exd4 4. Bc4 Nf6 5. e5 d5 6. Bb5 Ne4 7. Nxd4 Bd7 8. Bxc6 bxc6 9. O-O Bc5 10. f3 Ng5 11.
f4 Ne4 12. Be3 O-O 13. Nd2 Nxd2 14. Qxd2 Qe7 15. Nb3 Bb6 16. a4 a5 17. Rae1 Bf5 18. Bxb6 cxb6 19. Nd4 Qd7 20. h3 Be4 21. c3 Rae8 22. Nf3 h6 23. Rxe4 1-0

[Event "*** SCC Grand Prix: Titled Tuesday Blitz"]
[Site "Chess.com"]
[Date "2020.09.08"]
[Round "2"]
[White "hypert"]
[Black "winniethepooh04"]
[Result "1-0"]
[WhiteElo "2426"]
[BlackElo "2194"]
[TimeControl "180+1"]
[EndTime "10:15:09 PDT"]
[Termination "hypert won by resignation"]

1. e4 c5 2. b3 d6 3. Bb2 Nc6 4. Bb5 Bd7 5. Nc3 a6 6. Bxc6 Bxc6 7. Nf3 b5 8. d4 b4 9. Nd5 e6 10. dxc5 exd5 11. exd5 Bb5 12. c6 Nf6 13. Qd4 Qe7+ 14. Kd2 Qe2+ 15. Kc1 Be7 16. Re1 Qxe1+ 17. Nxe1 O-O 18.
Nf3 Rfe8 19. Kd2 Bf8 20. Re1 Rxe1 21. Kxe1 Re8+ 22. Kd1 Be2+ 23. Kc1 Bxf3 24. gxf3 Re5 25. Qxe5 dxe5 26. c7 1-0